TOP OF THE 1ST |
Lake Minnetonka Love Boats batting - Pitching for Chesapeake Continentals : RHP Andrew Prieto
|
Pitching: RHP Andrew Prieto
|
|
Batting: LHB Tom Haymon
|
0-0: Foul Ball, location: 2F 0-1: Foul Ball, location: 2F 0-2: Ball 1-2: Ball 2-2: Ball 3-2: Base on Balls
|
Batting: RHB Guillermo Carrizales
|
0-0: Grounds into double play, 6-4-3 (Groundball, 6)
|
Batting: RHB Mario van Heijbeeck
|
0-0: Called Strike 0-1: Fly out, F7 (Flyball, 7D)
|
Top of the 1st over - 0 runs, 0 hits, 0 errors, 0 left on base; Lake Minnetonka 0 - Chesapeake 0 |
BOTTOM OF THE 1ST |
Chesapeake Continentals batting - Pitching for Lake Minnetonka Love Boats : RHP Dennis Blanchard
|
Pitching: RHP Dennis Blanchard
|
|
Batting: SHB Holden Nolan
|
0-0: Fly out, F7 (Line Drive, 7)
|
Batting: RHB Manuel Ángel
|
0-0: Ground out 6-3 (Groundball, 6S)
|
Batting: RHB Santiago Valentín
|
0-0: Called Strike 0-1: Foul Ball, location: 2F 0-2: Ball 1-2: Fly out, F9 (Flyball, 9)
|
Bottom of the 1st over - 0 runs, 0 hits, 0 errors, 0 left on base; Lake Minnetonka 0 - Chesapeake 0 |
TOP OF THE 2ND |
Lake Minnetonka Love Boats batting - Pitching for Chesapeake Continentals : RHP Andrew Prieto
|
Batting: RHB Michael Sweeney
|
0-0: Foul Ball, location: 2F 0-1: Ball 1-1: Swinging Strike 1-2: Strikes out looking
|
Batting: SHB Tommy Dreamer
|
0-0: SINGLE (Groundball, 6MD)
|
Batting: RHB Hatui Haunani
|
Pickoff Throw to First - Out! 0-0: Swinging Strike 0-1: Called Strike 0-2: Strikes out swinging
|
Top of the 2nd over - 0 runs, 1 hit, 0 errors, 0 left on base; Lake Minnetonka 0 - Chesapeake 0 |
BOTTOM OF THE 2ND |
Chesapeake Continentals batting - Pitching for Lake Minnetonka Love Boats : RHP Dennis Blanchard
|
Batting: RHB Jim MacRach
|
0-0: Called Strike 0-1: Ground out 4-3 (Groundball, 4)
|
Batting: RHB Júlio Costa
|
0-0: Foul Ball, location: 2F 0-1: Foul Ball, location: 2F 0-2: Foul Ball, location: 2F 0-2: Ball 1-2: Ball 2-2: Foul Ball, location: 2F 2-2: Ball 3-2: Fly out, F8 (Flyball, 89D)
|
Batting: SHB Sean Worley
|
0-0: Called Strike 0-1: Foul Ball, location: 2F 0-2: Ball 1-2: Foul Ball, location: 2F 1-2: Foul Ball, location: 2F 1-2: Ball 2-2: Foul Ball, location: 2F 2-2: Ball 3-2: Strikes out looking
|
Bottom of the 2nd over - 0 runs, 0 hits, 0 errors, 0 left on base; Lake Minnetonka 0 - Chesapeake 0 |
TOP OF THE 3RD |
Lake Minnetonka Love Boats batting - Pitching for Chesapeake Continentals : RHP Andrew Prieto
|
Batting: RHB Francisco Guerra
|
0-0: Called Strike 0-1: Ball 1-1: Foul Ball, location: 2F 1-2: Foul Ball, location: 2F 1-2: Ball 2-2: Ball 3-2: Fly out, F3 (Popup, 3SF)
|
Batting: RHB Mike Bean
|
0-0: Ground out U3 (Groundball, 34)
|
Batting: RHB Yoshii Saikawa
|
0-0: SINGLE (Groundball, 56D)
|
Batting: LHB Tom Haymon
|
0-0: Ball 1-0: Ball 2-0: Ball 3-0: Base on Balls Yoshii Saikawa to second
|
Batting: RHB Guillermo Carrizales
|
0-0: Called Strike 0-1: Ball 1-1: Fielders Choice at 2nd, 6-4 (Groundball, 6)
|
Top of the 3rd over - 0 runs, 1 hit, 0 errors, 2 left on base; Lake Minnetonka 0 - Chesapeake 0 |
BOTTOM OF THE 3RD |
Chesapeake Continentals batting - Pitching for Lake Minnetonka Love Boats : RHP Dennis Blanchard
|
Batting: RHB Wes Griffith
|
0-0: Called Strike 0-1: Ball 1-1: Fly out, F7 (Flyball, 78S)
|
Batting: SHB Tomás Valdéz
|
0-0: SINGLE (Line Drive, 34)
|
Batting: RHB Yohann Serres
|
0-0: Ball 1-0: Ball 2-0: Foul Ball, location: 2F 2-1: Foul Ball, location: 2F 2-2: SINGLE (Groundball, 6MD) Tomás Valdéz to second Runner from 2nd tries for 3rd, SAFE, no throw
|
Batting: SHB Holden Nolan
|
0-0: Called Strike 0-1: Ball 1-1: Ball 2-1: Foul Ball, location: 2F 2-2: Ball 3-2: Base on Balls Yohann Serres to second
|
Batting: RHB Manuel Ángel
|
0-0: Ball 1-0: Foul Ball, location: 2F 1-1: Ball 2-1: Ball 3-1: GRAND SLAM HOME RUN (Line Drive, 78XD), Distance : 409 ft
|
Batting: RHB Santiago Valentín
|
0-0: Ball 1-0: Called Strike 1-1: Ball 2-1: Ball 3-1: Base on Balls
|
Batting: RHB Jim MacRach
|
0-0: Ball 1-0: Swinging Strike 1-1: Ball 2-1: Foul Ball, location: 2F 2-2: Strikes out swinging
|
Batting: RHB Júlio Costa
|
0-0: Foul Ball, location: 2F 0-1: Ball 1-1: Foul Ball, location: 2F 1-2: Foul Ball, location: 2F 1-2: Strikes out swinging
|
Bottom of the 3rd over - 4 runs, 3 hits, 0 errors, 1 left on base; Lake Minnetonka 0 - Chesapeake 4 |
TOP OF THE 4TH |
Lake Minnetonka Love Boats batting - Pitching for Chesapeake Continentals : RHP Andrew Prieto
|
Batting: RHB Mario van Heijbeeck
|
0-0: Ball 1-0: Ball 2-0: Foul Ball, location: 2F 2-1: Ball 3-1: Base on Balls
|
Batting: RHB Michael Sweeney
|
0-0: Ball 1-0: Ball 2-0: Fielders Choice at 2nd, 1-6 (Groundball, 13)
|
Batting: SHB Tommy Dreamer
|
0-0: Foul Ball, location: 2F 0-1: Ball 1-1: Called Strike 1-2: Ball 2-2: Ball 3-2: SINGLE (Line Drive, 34) Michael Sweeney to second
|
Batting: RHB Hatui Haunani
|
0-0: Ball 1-0: Ball 2-0: Called Strike 2-1: Foul Ball, location: 2F 2-2: Fly out, F9 (Flyball, 9LMF)
|
Batting: RHB Francisco Guerra
|
0-0: Ball 1-0: Ball 2-0: Foul Ball, location: 2F 2-1: Foul Ball, location: 2F 2-2: Fielders Choice at 2nd, 6-4 (Groundball, 6)
|
Top of the 4th over - 0 runs, 1 hit, 0 errors, 2 left on base; Lake Minnetonka 0 - Chesapeake 4 |
BOTTOM OF THE 4TH |
Chesapeake Continentals batting - Pitching for Lake Minnetonka Love Boats : RHP Dennis Blanchard
|
Batting: SHB Sean Worley
|
0-0: Foul Ball, location: 2F 0-1: Ball 1-1: Foul Ball, location: 2F 1-2: Fly out, F8 (Flyball, 8RM)
|
Batting: RHB Wes Griffith
|
0-0: SOLO HOME RUN (Flyball, 7D), Distance : 397 ft
|
Batting: SHB Tomás Valdéz
|
0-0: Ball 1-0: Swinging Strike 1-1: Called Strike 1-2: Foul Ball, location: 2F 1-2: Strikes out swinging, 2-3 out at first.
|
Batting: RHB Yohann Serres
|
0-0: Called Strike 0-1: Ball 1-1: Called Strike 1-2: Ball 2-2: Strikes out swinging
|
Bottom of the 4th over - 1 run, 1 hit, 0 errors, 0 left on base; Lake Minnetonka 0 - Chesapeake 5 |
TOP OF THE 5TH |
Lake Minnetonka Love Boats batting - Pitching for Chesapeake Continentals : RHP Andrew Prieto
|
Batting: RHB Mike Bean
|
0-0: Called Strike 0-1: Ball 1-1: Ground out 6-3 (Groundball, 6)
|
Batting: RHB Yoshii Saikawa
|
0-0: Ground out 6-3 (Groundball, 6MS)
|
Batting: LHB Tom Haymon
|
0-0: Swinging Strike 0-1: Called Strike 0-2: SINGLE (Groundball, 4D)
|
Batting: RHB Guillermo Carrizales
|
0-0: Ball Tom Haymon steals 2nd base 1-0: Ground out 2-3 (Groundball, 15S)
|
Top of the 5th over - 0 runs, 1 hit, 0 errors, 1 left on base; Lake Minnetonka 0 - Chesapeake 5 |
BOTTOM OF THE 5TH |
Chesapeake Continentals batting - Pitching for Lake Minnetonka Love Boats : RHP Dennis Blanchard
|
Batting: SHB Holden Nolan
|
0-0: Ground out U3 (Groundball, 3)
|
Batting: RHB Manuel Ángel
|
0-0: Foul Ball, location: 2F 0-1: Called Strike 0-2: Ball 1-2: Ball 2-2: Ball 3-2: Base on Balls
|
Batting: RHB Santiago Valentín
|
0-0: Ball 1-0: Fly out, F9 (Line Drive, 9)
|
Batting: RHB Jim MacRach
|
0-0: Ball 1-0: Foul Ball, location: 2F 1-1: Called Strike 1-2: Foul Ball, location: 2F 1-2: Fly out, F4 (Popup, 3)
|
Bottom of the 5th over - 0 runs, 0 hits, 0 errors, 1 left on base; Lake Minnetonka 0 - Chesapeake 5 |
TOP OF THE 6TH |
Lake Minnetonka Love Boats batting - Pitching for Chesapeake Continentals : RHP Andrew Prieto
|
Batting: RHB Mario van Heijbeeck
|
0-0: Ball 1-0: Ball 2-0: SINGLE (Line Drive, 8RS)
|
Batting: RHB Michael Sweeney
|
0-0: Called Strike Mario van Heijbeeck steals 2nd base 0-1: Foul Ball, location: 2F 0-2: Ball 1-2: Ball 2-2: Fly out, F7 (Flyball, 78M)
|
Batting: SHB Tommy Dreamer
|
0-0: Called Strike 0-1: Ball 1-1: Ball 2-1: Foul Ball, location: 2F 2-2: Strikes out looking
|
Batting: RHB Hatui Haunani
|
0-0: Ball 1-0: Called Strike 1-1: Foul Ball, location: 2F 1-2: Ball 2-2: Foul Ball, location: 2F 2-2: Foul Ball, location: 2F 2-2: Ground out 5-3 (Groundball, 56)
|
Top of the 6th over - 0 runs, 1 hit, 0 errors, 1 left on base; Lake Minnetonka 0 - Chesapeake 5 |
BOTTOM OF THE 6TH |
Chesapeake Continentals batting - Pitching for Lake Minnetonka Love Boats : RHP Dennis Blanchard
|
Pitching: RHP Augusto Rumina
|
|
Batting: RHB Júlio Costa
|
0-0: Called Strike 0-1: Swinging Strike 0-2: Ground out 5-3 (Groundball, 56S)
|
Batting: SHB Sean Worley
|
0-0: Called Strike 0-1: Foul Ball, location: 2F 0-2: Ball 1-2: Foul Ball, location: 2F 1-2: Ball 2-2: Fly out, F5 (Popup, 5SF)
|
Batting: RHB Wes Griffith
|
0-0: Called Strike 0-1: Swinging Strike 0-2: Ball 1-2: Ball 2-2: Fly out, F5 (Popup, 56S)
|
Bottom of the 6th over - 0 runs, 0 hits, 0 errors, 0 left on base; Lake Minnetonka 0 - Chesapeake 5 |
TOP OF THE 7TH |
Lake Minnetonka Love Boats batting - Pitching for Chesapeake Continentals : RHP Andrew Prieto
|
Batting: RHB Francisco Guerra
|
0-0: Ball 1-0: Ball 2-0: Ball 3-0: Called Strike 3-1: Base on Balls
|
Batting: RHB Mike Bean
|
0-0: Ball 1-0: Foul Ball, location: 2F 1-1: Ball 2-1: Swinging Strike 2-2: Fly out, F7 (Line Drive, 7D)
|
Batting: RHB Yoshii Saikawa
|
0-0: Foul Ball, location: 2F 0-1: Foul Ball, location: 2F 0-2: Foul Ball, location: 2F 0-2: Ball 1-2: Ball 2-2: Ball 3-2: Strikes out swinging
|
Pitching: LHP Bu-wei Law
|
|
Batting: LHB Tom Haymon
|
0-0: Called Strike 0-1: Called Strike Francisco Guerra steals 2nd base 0-2: Ball 1-2: Ball 2-2: Foul Ball, location: 2F 2-2: Ball 3-2: Fly out, F3 (Popup, 34S)
|
Top of the 7th over - 0 runs, 0 hits, 0 errors, 1 left on base; Lake Minnetonka 0 - Chesapeake 5 |
BOTTOM OF THE 7TH |
Chesapeake Continentals batting - Pitching for Lake Minnetonka Love Boats : RHP Augusto Rumina
|
Batting: SHB Tomás Valdéz
|
0-0: Swinging Strike 0-1: Ground out 4-3 (Groundball, 4D)
|
Batting: RHB Yohann Serres
|
0-0: Ball 1-0: Swinging Strike 1-1: Fly out, F7 (Flyball, 7S)
|
Batting: SHB Holden Nolan
|
0-0: Ground out 6-3 (Groundball, 6)
|
Bottom of the 7th over - 0 runs, 0 hits, 0 errors, 0 left on base; Lake Minnetonka 0 - Chesapeake 5 |
TOP OF THE 8TH |
Lake Minnetonka Love Boats batting - Pitching for Chesapeake Continentals : LHP Bu-wei Law
|
Batting: RHB Guillermo Carrizales
|
0-0: Fly out, F9 (Flyball, 9S)
|
Batting: RHB Mario van Heijbeeck
|
0-0: Ball 1-0: Ball 2-0: Foul Ball, location: 2F 2-1: Called Strike 2-2: Ball 3-2: Fly out, F4 (Popup, 4M)
|
Batting: RHB Michael Sweeney
|
0-0: Ball 1-0: Called Strike 1-1: Called Strike 1-2: Ball 2-2: Strikes out swinging
|
Top of the 8th over - 0 runs, 0 hits, 0 errors, 0 left on base; Lake Minnetonka 0 - Chesapeake 5 |
BOTTOM OF THE 8TH |
Chesapeake Continentals batting - Pitching for Lake Minnetonka Love Boats : RHP Augusto Rumina
|
Batting: RHB Manuel Ángel
|
0-0: Ball 1-0: SINGLE (Flyball, 78M)
|
Batting: RHB Santiago Valentín
|
0-0: Called Strike 0-1: Called Strike 0-2: Ball 1-2: Ball 2-2: Strikes out swinging
|
Batting: RHB Jim MacRach
|
0-0: Ball 1-0: Ball 2-0: Ball 3-0: Called Strike 3-1: Fly out, F8 (Flyball, 8RS)
|
Batting: RHB Júlio Costa
|
0-0: Called Strike 0-1: Ball 1-1: Ball 2-1: SINGLE (Flyball, 9LS) Manuel Ángel to second Runner from 2nd tries for 3rd, SAFE, no throw
|
Batting: SHB Sean Worley
|
0-0: Foul Ball, location: 2F 0-1: Fly out, F7 (Flyball, 7D)
|
Bottom of the 8th over - 0 runs, 2 hits, 0 errors, 2 left on base; Lake Minnetonka 0 - Chesapeake 5 |
TOP OF THE 9TH |
Lake Minnetonka Love Boats batting - Pitching for Chesapeake Continentals : LHP Bu-wei Law
|
Batting: SHB Tommy Dreamer
|
0-0: Ground out 5-3 (Groundball, 56)
|
Batting: RHB Hatui Haunani
|
0-0: Called Strike 0-1: Ball 1-1: Ball 2-1: Foul Ball, location: 2F 2-2: Ball 3-2: Ground out 5-3 (Groundball, 56)
|
Batting: RHB Francisco Guerra
|
0-0: Called Strike 0-1: Ball 1-1: Foul Ball, location: 2F 1-2: Ground out 3-1 (Groundball, 34S)
|
Top of the 9th over - 0 runs, 0 hits, 0 errors, 0 left on base; Lake Minnetonka 0 - Chesapeake 5 |
|